AoeStats
← Warcanoe

Enclosed

506597082Analyzed
1v1 RM · 18d ago on Sep 14, 2026· 49m 38s· 2 players
Game mode
Random Map
Map size
Tiny (2 player)
Population
200
Speed
Normal
Resources
Standard
Victory
Conquest
Starting age
Dark Age
Ending age
Imperial Age
RankedLock teamsTeams togetherTeam positionsShared explorationLock speedFull tech treeHidden civsTurbo modeCheats
Victory
Defeat
🇳🇿 Celts · New Zealand
834
+17
🇨🇭 Maya · Switzerland
865
-17
Citizen Rodge
11:48 Feudal Age
10:06 Loom
11:56 Man-at-Arms
13:17 Double-Bit Axe
20:22 Fletching
20:33 Scale Mail Armor
21:30 Padded Archer Armor
22:54 Horse Collar
26:57 Castle Age
26:56 Forging
26:36 Arson
29:00 Bow Saw
28:52 Heavy Plow
28:15 Elite Skirmisher
28:26 Long Swordsman
31:10 Gambesons
37:13 Chain Mail Armor
41:12 Bodkin Arrow
42:03 Iron Casting
41:42 Gold Mining
41:42 Stone Mining
Warcanoe
1:42 Loom
9:28 Feudal Age
11:49 Double-Bit Axe
17:14 Horse Collar
18:22 Fletching
19:49 Padded Archer Armor
24:47 Castle Age
23:39 Gold Mining
25:22 Crossbowman
26:07 Bodkin Arrow
25:54 Elite Skirmisher
27:09 Bow Saw
28:18 Heavy Plow
29:00 Wheelbarrow
30:57 Heavy Plow
35:46 Eagle Warrior
38:36 Scale Mail Armor
40:18 Forging
41:32 Chain Mail Armor
42:06 Town Watch
43:54 Iron Casting
44:20 Ballistics
44:53 Leather Archer Armor
44:58 Murder Holes
49:41 Hand Cart
Connection lost

Rejoining the realm…

Still unreachable

The connection could not be restored.

Session expired

The server has moved on; the page needs a fresh start.